 Dungeon Crawl Stone Soup version 0.32-a0-975-g85d4e5bfdb (webtiles) character file.

Game seed: 7220850004467157895

63620 Autsider the Covert (level 15, -1/80 HPs)
             Began as a Vine Stalker Warper on Apr 18, 2024.
             Was the Champion of Okawaru.
             Slain by a blink frog (6 damage)
             ... on level 5 of the Lair of Beasts.
             The game lasted 01:30:39 (18993 turns).

Autsider the Covert (Vine Stalker Warper)          Turns: 18993, Time: 01:30:40

Health: -1/80      AC: 20    Str: 15    XL:     15   Next: 10%
Magic:  0/28       EV: 16    Int: 16    God:    Okawaru [******]
Gold:   1099       SH:  6    Dex: 20    Spells: 16/30 levels left

rFire   . . .        Q - +1 rapier (venom)
rCold   + . .        V - +0 buckler
rNeg    + + .        M - +0 pearl dragon scales
rPois   .            D - +0 helmet
rElec   .            H - scarf {repulsion}
rCorr   .            i - +2 pair of gloves
SInv    +            X - +1 pair of boots
Will    +....        t - amulet of regeneration
Stlth   +++          B - +5 ring of evasion
HPRegen 1.93/turn    N - ring "Piselus" {rC+ rN+ Int+3 SInv}
MPRegen 0.21/turn

%: repel missiles, guardian spirit
@: no status effects
A: fangs 3, regeneration 1, magic shield, antimagic bite, no potion heal 2
a: Renounce Religion, Heroism, Finesse, Duel, Receive Weapon, Receive Armour


You were on level 5 of the Lair of Beasts.
You worshipped Okawaru.
Okawaru was exalted by your worship.
You visited 3 branches of the dungeon, and saw 18 of its levels.
You also visited: Ossuary.

You collected 1099 gold pieces.

Inventory:

Hand Weapons
 Q - a +1 rapier of venom (weapon)
Missiles
 d - 8 darts of dispersal (quivered)
 g - 6 curare-tipped darts
 j - 6 javelins
 l - 41 poisoned darts
 q - 6 silver javelins
 s - 12 boomerangs
 T - a datura-tipped dart
 W - 5 atropa-tipped darts
Armour
 i - a +2 pair of gloves (worn)
 D - a +0 helmet (worn)
 H - a scarf of repulsion (worn)
 M - +0 pearl dragon scales (worn)
 V - a +0 buckler (worn)
 X - a +1 pair of boots (worn)
Jewellery
 t - an amulet of regeneration (around neck)
 B - a +5 ring of evasion (left hand)
 N - the ring "Piselus" (right hand) {rC+ rN+ Int+3 SInv}
   (You found it on level 7 of the Dungeon)

   [ring of see invisible]

   Int+3:     It affects your intelligence (+3).
   rC+:       It protects you from cold.
   rN+:       It protects you from negative energy.
   SInv:      It lets you see invisible.
 P - a ring of protection from fire
 U - an amulet of magic regeneration
 Y - a ring of wizardry
Wands
 b - a wand of paralysis (16)
 L - a wand of iceblast (12)
 O - a wand of digging (3)
 S - a wand of mindburst (4)
Scrolls
 c - a scroll of blinking
 e - 4 scrolls of fear
 h - 4 scrolls of revelation
 m - 4 scrolls of immolation
 n - 2 scrolls of silence
 o - 5 scrolls of enchant armour
 p - 3 scrolls of teleportation {@r2}
 r - 3 scrolls of brand weapon
 u - 3 scrolls of fog
 w - 4 scrolls of amnesia
 E - a scroll of identify {@r1}
 F - a scroll of poison
 K - a scroll of torment
 R - a scroll of noise
 Z - 4 scrolls of vulnerability
Potions
 a - 2 potions of cancellation {unknown}
 f - 2 potions of mutation {unknown}
 k - a potion of lignification {unknown}
 v - 2 potions of curing {unknown}
 z - 6 potions of heal wounds {unknown}
 A - a potion of brilliance {unknown}
 C - 4 potions of might
 G - a potion of magic {unknown}
 I - a potion of enlightenment {unknown}
 J - 5 potions of haste {unknown}
Miscellaneous
 x - a phantom mirror
 y - a tin of tremorstones (2/2)


   Skills:
 - Level 10.0 Fighting
 - Level 10.0 Short Blades
 - Level 4.4 Throwing
 + Level 7.8 Armour
 - Level 6.4 Dodging
 - Level 10.0 Stealth
 - Level 6.0 Shields
 - Level 8.0 Spellcasting
 - Level 8.0 Translocations
 - Level 4.0 Air Magic
 - Level 10.0 Invocations


You had 16 spell levels left.
You knew the following spells:

 Your Spells              Type           Power      Damage    Failure   Level
a - Lesser Beckoning      Tloc           64%        N/A       3%          2
b - Maxwell's Portable P  Tloc           32%        2d(8-23)  7%          3
c - Teleport Other        Tloc           32%        N/A       7%          3
d - Vhi's Electric Charg  Tloc/Air       50%        N/A       45%         4
z - Blink                 Tloc           64%        N/A       3%          2

Your spell library contained the following spells:

 Spells                   Type           Power      Damage    Failure   Level
 Magic Dart               Conj           24%        1d4       52%         1
 Slow                     Hex            24%        N/A       52%         1
 Sublimation of Blood     Necr           6%         N/A       65%         2
 Confusing Touch          Hex            6%         N/A       87%         3
 Dazzling Flash           Conj/Hex       12%        N/A       87%         3
 Frozen Ramparts          Ice            12%        1d2       87%         3
 Ozocubu's Armour         Ice            6%         N/A       87%         3
 Sigil of Binding         Hex            6%         N/A       87%         3
 Vampiric Draining        Necr           6%         2d6       87%         3
 Dispersal                Tloc           16%        N/A       98%         6
 Gell's Gavotte           Tloc           16%        2d(18-27) 98%         6
 Anguish                  Hex/Necr       3%         N/A       99%         4
 Cause Fear               Hex            3%         N/A       99%         4
 Metabolic Englaciation   Hex/Ice        3%         N/A       100%        5
 Starburst                Conj/Fire      3%         6d3       100%        6
 Enfeeble                 Hex            3%         N/A       100%        7
 Fulsome Fusillade        Conj/Alch      3%         (3-5)d4   100%        8
 Call Imp                 Summ           Unusable   N/A       N/A         2
 Summon Forest            Summ/Tloc      Unusable   N/A       N/A         5
 Summon Mana Viper        Hex/Summ       Unusable   N/A       N/A         5
 Summon Cactus Giant      Summ           Unusable   N/A       N/A         6
 Summon Hydra             Summ           Unusable   N/A       N/A         7

Dungeon Overview and Level Annotations

Branches:
Dungeon (12/15)            Temple (1/1) D:4            Lair (5/5) D:10
 Shoals (0/4) Lair:3       Spider (0/4) Lair:2        Slime (0/5) Lair:5
    Orc (0/2) D:11        Ossuary (visited)

Altars:
Ashenzari
Cheibriados
Dithmenos
Elyvilon
Fedhas
Gozag
Hepliaklqana
Kikubaaqudgha
Makhleb
Nemelex Xobeh
Okawaru
Qazlal
Ru
Sif Muna
Trog
Uskayaw
Vehumet
Wu Jian
Xom
Yredelemnul
Zin
The Shining One
Jiyva

Shops:
D:6 :

Annotations:
D:1 exclusion: downstairs
D:4 2 runed translucent doors, XavTav's ghost, amateur MiFi
D:6 exclusion: downstairs
D:8 exclusion: downstairs
D:11 exclusion: downstairs
Lair:1 exclusion: downstairs


Innate Abilities, Weirdness & Mutations

You have razor-sharp teeth.
Your natural rate of healing is unusually fast.
When hurt, damage is shared between your health and your magic reserves.
Your bite disrupts and absorbs the magic of your enemies.
Potions cannot restore your health.


Message History

Okay, then.
As you read the scroll of teleportation {@r2}, it crumbles to dust.
You feel strangely unstable. The water moccasin bites you.
* * * LOW HITPOINT WARNING * * *
A wyvern comes into view.
The water moccasin barely misses you.
Casting: Blink (safe; 3% risk of failure)
Confirm with . or Enter, or press ? or * to list all spells.
You miscast Blink.
You are very lightly contaminated with residual magic.
Nothing appears to happen.
The five-headed hydra roars!
You hear an angry hiss.
You hear a bellow!
The water moccasin completely misses you. x2
Casting: Blink (safe; 3% risk of failure)
Confirm with . or Enter, or press ? or * to list all spells.
You blink.
A death yak, a rime drake and a water moccasin come into view.
Found a sedimented emerald potion.
The water moccasin hisses angrily.
Your surroundings suddenly seem different.
A lindwurm and a blink frog come into view.
The lindwurm roars!
The death yak moves out of view.
The rime drake moves out of view.
The water moccasin moves out of view.
The lindwurm breathes flames at you. The blast of flame hits you!
* * * LOW HITPOINT WARNING * * *
The blink frog gives a loud, deep croak!
You feel ready to blink again.
The blink frog attacks as it pursues you!
You block the blink frog's attack. The blink frog hits you.
* * * LOW HITPOINT WARNING * * *
The blink frog blinks!
The lindwurm breathes flames at you. The blast of flame hits you!!
* * * LOW HITPOINT WARNING * * *
Your magical contamination has completely faded away.
The blink frog misses you. The blink frog hits you!
You die...

.#
#..........#
##
#....#.#...###
#
###.....k#...#
#
#.##.#...#..##
# ##
#####.#...# #
#§#...# ##
#.....# .#
##..##.F##
.######...###
##@#
..#†......
#..#
..........
..##
..###...##
.### ### ## .#
# ##


You could see a blink frog.

Vanquished Creatures
  Snorg (Lair:5)
  Erolcha (D:9)
  4 hydras
  5 death yaks (Lair:2)
  Urug (Lair:5)
  Nergalle (Lair:1)
  6 skysharks
  3 harpies (Lair:3)
  A cyclops (D:11)
  An ugly thing (D:11)
  23 elephants
  10 black mambas
  20 cane toads
  A torpor snail (Lair:5)
  Maggie (D:7)
  4 rime drakes
  11 komodo dragons
  2 unseen horrors
  A kobold demonologist (D:10)
  2 trolls
  20 blink frogs
  3 jumping spiders (Lair:2)
  2 polar bears
  4 hornets
  A slime creature (D:11)
  2 culicivoras (Lair:2)
  Sigmund (D:4)
  A shadow (D:11)
  61 yaks
  A vampire (D:8)
  Grum (D:9)
  14 wyverns
  2 basilisks
  Eustachio (D:5)
  6 redbacks
  4 steam dragons
  2 vampire mosquitoes (D:11)
  Edmund (D:5)
  3 acid dragons
  22 water moccasins
  An orc warrior (D:8)
  3 black bears
  16 wolves
  An ice beast (D:6)
  4 centaurs (Lair:2)
  An ogre (D:5)
  A phantom (D:6)
  4 kobold brigands
  16 bullfrogs
  5 elf zombies (Ossuary)
  3 scorpions
  3 killer bees (D:8)
  7 wights
  A burial acolyte (Ossuary)
  An electric eel (D:10)
  A centaur zombie (Ossuary)
  3 howler monkeys (D:8)
  A jelly (D:7)
  7 bombardier beetles
  9 hounds
  2 human zombies (Ossuary)
  4 orc priests
  2 iguanas (D:4)
  2 gnoll boudas
  A sleepcap (D:8)
  2 orc wizards
  4 hell rats (Lair:2)
  2 crocodile zombies (Ossuary)
  A hound zombie (Ossuary)
  3 mummies (Ossuary)
  8 gnolls
  12 adders
  A shadow imp (D:7)
  2 ufetubi (D:6)
  3 adder zombies (Ossuary)
  A ribbon worm (D:4)
  6 dart slugs
  25 orcs
  6 ball pythons
  5 bats
  5 endoplasms
  3 giant cockroaches
  4 goblins
  6 hobgoblins
  A jackal (D:3)
  3 quokkas
  3 ball python zombies (Ossuary)
  3 frilled lizards
  5 gnoll zombies (Ossuary)
  2 jackal zombies (Ossuary)
  23 kobolds
  6 kobold zombies (Ossuary)
  9 rats
504 creatures vanquished.

Notes
Turn   | Place    | Note
-------+----------+-------------------------------------------
     0 | D:1      | Autsider the Vine Stalker Warper began the quest for the
                  | Orb.
     0 | D:1      | Reached XP level 1. HP: 11/11 MP: 4/4
   112 | D:1      | Reached XP level 2. HP: 15/15 MP: 3/6
   331 | D:1      | Reached skill level 1 in Stealth
   930 | D:2      | Reached XP level 3. HP: 18/18 MP: 7/7
   996 | D:2      | Found a shadowy altar of Dithmenos.
  1111 | D:2      | You fall into a shaft and drop 2 floors!
  1153 | D:4      | Reached XP level 4. HP: 23/23 MP: 5/8
  1238 | D:4      | Reached XP level 5. HP: 24/26 MP: 6/9
  1710 | D:2      | Found a faded altar of an unknown god.
  2553 | D:3      | Reached XP level 6. HP: 28/30 MP: 11/11
  3300 | D:4      | Found a staircase to the Ecumenical Temple.
  3316 | D:4      | Noticed Sigmund
  3387 | D:4      | Killed Sigmund
  3388 | D:4      | Reached skill level 5 in Stealth
  3388 | D:4      | Reached XP level 7. HP: 35/35 MP: 11/13
  3445 | D:4      | Found a large runed translucent door.
  3447 | D:4      | Found a large runed translucent door.
  3450 | D:4      | Noticed XavTav's ghost (amateur MiFi)
  3901 | D:5      | Entered Level 5 of the Dungeon
  3901 | D:5      | Noticed Edmund
  4011 | D:5      | Learned a level 2 spell: Blink
  4021 | D:5      | Learned a level 2 spell: Lesser Beckoning
  4225 | D:5      | Gained mutation: You have razor-sharp teeth. [Vine Stalker
                  | growth]
  4225 | D:5      | Reached XP level 8. HP: 40/40 MP: 15/15
  4283 | Temple   | Entered the Ecumenical Temple
  4293 | Temple   | Became a worshipper of Warmaster Okawaru
  4412 | D:5      | Noticed a yak
  4412 | D:5      | Noticed a yak
  4412 | D:5      | Noticed a yak
  4412 | D:5      | Noticed a yak
  4413 | D:5      | Noticed a yak
  4541 | D:5      | Noticed a yak
  4596 | D:4      | Killed a yak
  4644 | D:4      | Killed a yak
  4824 | D:4      | Killed a yak
  4825 | D:4      | Reached skill level 5 in Short Blades
  5106 | D:6      | Killed a yak
  5106 | D:6      | Reached * piety under Okawaru
  5107 | D:6      | Reached skill level 1 in Throwing
  5132 | D:6      | Killed a yak
  5133 | D:6      | Reached skill level 1 in Invocations
  5133 | D:6      | Reached XP level 9. HP: 31/45 MP: 13/16
  5347 | D:5      | Noticed Eustachio
  5369 | D:5      | Killed Eustachio
  5456 | D:5      | Killed Edmund
  5603 | D:6      | Found Unoced's Book Shoppe.
  5640 | D:6      | Found a hazy altar of Hepliaklqana.
  5670 | D:6      | Reached ** piety under Okawaru
  6048 | D:7      | Noticed Maggie
  6081 | D:7      | Killed Maggie
  6082 | D:7      | Reached skill level 5 in Dodging
  6265 | D:7      | Found a sand-covered staircase.
  6270 | Ossuary  | Entered an ossuary
  6491 | Ossuary  | Reached XP level 10. HP: 49/49 MP: 15/17
  7331 | D:7      | Identified the ring "Piselus" {rC+ rN+ Int+3 SInv}
  7729 | D:8      | Reached *** piety under Okawaru
  7794 | D:8      | Found a snail-covered altar of Cheibriados.
  7794 | D:8      | Found a hide-covered altar of Uskayaw.
  7821 | D:8      | Found a bloodstained altar of Trog.
  7842 | D:8      | Found a stormy altar of Qazlal.
  7843 | D:8      | Found a shadowy altar of Dithmenos.
  7847 | D:8      | Found a broken altar of Ashenzari.
  7853 | D:8      | Found a sacrificial altar of Ru.
  8523 | D:8      | Reached skill level 5 in Invocations
  8573 | D:9      | Noticed Erolcha
  8604 | D:9      | Killed Erolcha
  8604 | D:9      | Reached **** piety under Okawaru
  8706 | D:8      | Reached skill level 5 in Spellcasting
  8725 | D:9      | Reached skill level 5 in Fighting
  8725 | D:9      | Reached XP level 11. HP: 53/55 MP: 19/19
  8790 | D:9      | Noticed Grum
  8886 | D:9      | Killed Grum
  8886 | D:9      | Reached ***** piety under Okawaru
  9341 | D:10     | Entered Level 10 of the Dungeon
  9363 | D:10     | Reached skill level 1 in Armour
  9476 | D:10     | Found a staircase to the Lair.
  9697 | D:10     | Received a gift from Okawaru
 10587 | D:11     | Found a staircase to the Orcish Mines.
 10808 | D:11     | Found a bloodstained altar of Trog.
 11231 | D:11     | Noticed a cyclops
 11242 | D:11     | Killed a cyclops
 11263 | D:12     | Noticed a green ugly thing
 11315 | D:12     | Noticed a brown ugly thing
 11341 | D:11     | Killed a brown ugly thing
 11498 | Lair:1   | Entered Level 1 of the Lair of Beasts
 11523 | D:10     | Received a gift from Okawaru
 11530 | D:10     | Reached XP level 12. HP: 44/61 MP: 20/23
 11696 | Lair:1   | Noticed Nergalle
 11739 | D:10     | Reached skill level 10 in Stealth
 11750 | D:10     | Learned a level 3 spell: Maxwell's Portable Piledriver
 11754 | D:10     | Learned a level 3 spell: Teleport Other
 11759 | D:10     | Learned a level 4 spell: Vhi's Electric Charge
 11835 | Lair:1   | Killed Nergalle
 12355 | Lair:1   | Reached skill level 5 in Translocations
 12372 | Lair:1   | Received a gift from Okawaru
 12413 | Lair:1   | You fall into a shaft and drop 1 floor!
 12482 | Lair:2   | Found a shimmering blue altar of Sif Muna.
 12488 | Lair:2   | Noticed a skyshark
 12491 | Lair:2   | Noticed a death yak
 12491 | Lair:2   | Noticed a death yak
 12491 | Lair:2   | Noticed a death yak
 12491 | Lair:2   | Noticed a death yak
 12500 | Lair:2   | Noticed a skyshark
 12518 | Lair:2   | Reached skill level 10 in Short Blades
 12716 | Lair:2   | Found a hole to the Spider Nest.
 12877 | Lair:2   | Received a gift from Okawaru
 12896 | Lair:2   | Reached skill level 1 in Air Magic
 12972 | Lair:2   | Reached XP level 13. HP: 65/65 MP: 26/26
 13585 | Lair:2   | Reached skill level 1 in Shields
 13610 | Lair:2   | Received a gift from Okawaru
 14003 | Lair:2   | Received a gift from Okawaru
 14924 | Lair:2   | Reached ****** piety under Okawaru
 15122 | Lair:2   | Received a gift from Okawaru
 15237 | Lair:3   | Found a staircase to the Shoals.
 15613 | Lair:3   | Reached XP level 14. HP: 73/73 MP: 27/27
 15764 | Lair:3   | Received a gift from Okawaru
 16444 | Lair:4   | Reached skill level 5 in Shields
 16485 | Lair:4   | HP: 1/74 [skyshark (19)]
 16487 | Lair:4   | You fall into a shaft and drop 1 floor!
 16487 | Lair:5   | Entered Level 5 of the Lair of Beasts
 16628 | Lair:5   | Noticed Urug
 16657 | Lair:5   | Killed Urug
 16658 | Lair:5   | Reached skill level 10 in Invocations
 16748 | Lair:5   | Reached skill level 5 in Armour
 17145 | Lair:4   | Received a gift from Okawaru
 18073 | Lair:5   | Received a gift from Okawaru
 18452 | Lair:5   | Noticed Snorg
 18484 | Lair:5   | Killed Snorg
 18588 | Lair:5   | Found a viscous altar of Jiyva.
 18592 | Lair:5   | Found a staircase to the Slime Pits.
 18767 | Lair:5   | Reached XP level 15. HP: 80/80 MP: 28/28
 18820 | Lair:5   | Reached skill level 10 in Fighting
 18992 | Lair:5   | HP: 3/80 [lindwurm/blast of flame (23)]
 18993 | Lair:5   | Slain by a blink frog

Illustrated notes

Levels and vault maps discovered:
D:1:      grunt_arrival_crossed_arrows, layout_loops_corners,
          serial_bayou_ford_a
D:2:      layout_loops_ring, nicolae_ecumenical_oubliette, basic_altar,
          minmay_domino_2
D:3:      minmay_razor_zed, layout_loops_ring
D:4:      layout_cave_pods, minmay_temple_entry_from_below_a,
          ebering_ghost_disaster_area, nicolae_houndstooth_variations,
          uniq_sigmund
D:5:      layout_cave_pools, serial_park, serial_park_fountain,
          kennysheep_decorative_pillar, corner_web_ring, uniq_edmund,
          uniq_eustachio
D:6:      layout_cave_pools, mainiacjoe_overflow_catwalk, serial_shops,
          nicolae_book_shop_shelving, serial_library_hellmonk_open_square,
          serial_library_hellmonk_small_alcove
D:7:      layout_layer_cave, enter_ossuary_2, uniq_maggie
D:8:      layout_rooms, nicolae_overflow_hallway_of_the_gods, eino_tiny_chamber,
          kennysheep_generic_room_3
D:9:      layout_cave_pools, uniq_erolcha, uniq_grum
D:10:     layout_loops_cross, erik_lair_island
D:11:     layout_stronghold, orc_0_dummy, david_defended_altar_orc
D:12:     layout_rooms, minmay_liquid_box, kennysheep_opposing_triangles
Temple:   compressed_dpeg_circular_temple
Lair:1:   layout_cave_shapes, uniq_nergalle
Lair:2:   nzn_winding_woodlands_three_and_one
          [nzn_winding_woodlands_5x15_pockets,
          nzn_winding_woodlands_5x15_pathside_ponds,
          nzn_winding_woodlands_5x15_split_checker,
          nzn_winding_woodlands_center_garden], layout_regular_city,
          nicolae_spider_entry_tight_spaces, serial_rivers,
          chequers_serial_rivers_room_b, chequers_serial_rivers_micro_e,
          chequers_serial_rivers_marsh, chequers_serial_rivers_room_b,
          chequers_serial_rivers_marsh, chequers_serial_rivers_micro_b,
          st_stairs_9, lemuel_centaur_altar
Lair:3:   layout_cave_pods, nicolae_shoals_entry_roost, grunt_megastairs_1
Lair:4:   layout_regular_city, minivault_26, serial_bayou_shore_a
Lair:5:   hangedman_lair_tendril_chambers, layout_small_grid,
          hangedman_lair_in_review, slime_entry_1, uniq_urug, uniq_snorg

Skill      XL: |  1  2  3  4  5  6  7  8  9 10 11 12 13 14 15 |
---------------+----------------------------------------------+-----
Short Blades   | 2 3 4 6 7 8 9 10 | 10.0
Fighting       | 2 3 4 5 6 8 9 10 | 10.0
Stealth        | 1 3 4 5 6 7 9 10 | 10.0
Dodging        | 2 4 5 6 |  6.4
Spellcasting   | 3 4 5 6 8 |  8.0
Translocations | 4 7 8 |  8.0
Throwing       | 1 3 4 |  4.4
Invocations    | 1 4 5 6 8 9 10 | 10.0
Armour         | 2 3 7 |  7.8
Air Magic      | 1 4 |  4.0
Shields        | 4 6 |  6.0

Action                     |  1- 3 |  4- 6 |  7- 9 | 10-12 | 13-15 || total
---------------------------+-------+-------+-------+-------+-------++-------
  Melee: Short sword       |   132 |   243 |   578 |   801 |   618 ||  2372
         Bite              |    35 |    72 |   231 |   502 |   734 ||  1574
         Dagger            |       |       |       |   385 |       ||   385
         Rapier            |       |       |       |       |   823 ||   823
  Throw: Dart              |     1 |     2 |       |       |     3 ||     6
         Javelin           |       |     2 |       |       |       ||     2
         Boomerang         |       |       |       |     3 |     4 ||     7
   Cast: Blink             |       |       |     3 |     4 |    19 ||    26
         Lesser Beckoning  |       |       |       |     1 |       ||     1
         Teleport Other    |       |       |       |       |     1 ||     1
 Invoke: Heroism           |       |       |       |     3 |     1 ||     4
         Finesse           |       |       |       |     1 |     1 ||     2
  Evoke: Wand              |       |       |       |       |     8 ||     8
    Use: Scroll            |       |       |     3 |    15 |     5 ||    23
   Stab: Sleeping          |     2 |    12 |     7 |    15 |     8 ||    44
         Distracted        |       |       |       |     3 |     2 ||     5
         Paralysed         |       |       |       |       |     3 ||     3
 Armour: Leather armour    |    71 |    96 |   263 |   400 |   376 ||  1206
         Pearl dragon scal |       |       |       |       |   339 ||   339
  Dodge: Dodged            |    65 |   108 |   305 |   815 |   868 ||  2161
         Repelled          |       |       |     2 |     6 |    10 ||    18
  Block: Buckler           |       |       |       |    88 |   331 ||   419

Table legend: (Time is in decaauts)
 A = Elapsed time spent in this place.
 B = Non-inter-level travel time spent in this place.
 C = Inter-level travel time spent in this place.
 D = Time resting spent in this place.
 E = Time spent auto-exploring this place.
 F = Levels seen in this place.
 G = Mean time per level.
                   A        B        C        D        E       F      G
               +--------+--------+--------+--------+--------+-----+--------+
         Total |  17848 |  16412 |   1436 |   1497 |   8016 |  19 |  939.4 |
       Dungeon |  10874 |   9833 |   1041 |    775 |   5801 |  12 |  906.2 |
        Temple |     20 |      1 |     19 |      0 |      0 |   1 |   20.0 |
          Lair |   6635 |   6260 |    375 |    722 |   2111 |   5 | 1327.0 |
       Ossuary |    317 |    317 |      0 |      0 |    104 |   1 |  317.0 |
               +--------+--------+--------+--------+--------+-----+--------+

Top non-repeatable levels by time:
  Lair:2: 2165 daAuts
     D:4: 1558 daAuts
  Lair:5: 1330 daAuts
    D:11: 1219 daAuts
  Lair:3: 1207 daAuts
     D:7: 1181 daAuts
  Lair:4: 1147 daAuts
     D:5: 1063 daAuts
     D:3: 1007 daAuts
    D:10: 999 daAuts
     D:1: 975 daAuts
     D:8: 852 daAuts
  Lair:1: 784 daAuts
     D:9: 708 daAuts
     D:2: 704 daAuts
